 Dungeon Crawl Stone Soup version 0.30-a0-748-ge6a52f7cba (webtiles) character file.

Game seed: 783840910014087658

5137 Newt the Skirmisher (level 10, 0/57 HPs)
             Began as a Kobold Hunter on Feb 8, 2023.
             Was a Believer of Hepliaklqana.
             Constricted to death by Erica (4 damage)
             ... on level 8 of the Dungeon.
             The game lasted 00:11:50 (9413 turns).

Newt the Skirmisher (Kobold Hunter)                 Turns: 9413, Time: 00:11:50

Health: 0/57       AC: 27    Str:  8    XL:     10   Next: 89%
Magic:  13/13      EV:  5    Int: 12    God:    Hepliaklqana [**....]
Gold:   523        SH:  5    Dex: 24    Spells: 7/9 levels left

rFire   . . .      SeeInvis .    a - +2 shortbow
rCold   . . .      Faith    .    (shield currently unavailable)
rNeg    . . .      Spirit   .    z - +11 shadow dragon scales "Rusi" {Int+2 Stlth++++}
rPois   .          Reflect  +    (no helmet)
rElec   .          Harm     .    w - +2 cloak {Stlth+}
rCorr   .          Rampage  .    e - +1 pair of gloves
Will    +....                    (no boots)
Stlth   +++++                    j - amulet of reflection
HPRegen 0.29/turn                v - ring of willpower
MPRegen 0.13/turn                (no ring)

@: lethally poisoned (0 -> -2), grasped by roots, constricted
A: reduced essence, small, no large weapons, nightstalker 3
a: Renounce Religion, Recall Ancestor, Ancestor Identity


You were on level 8 of the Dungeon.
You worshipped Hepliaklqana.
Hepliaklqana was pleased with you.
You visited 2 branches of the dungeon, and saw 9 of its levels.
You also visited: Sewer and Bailey.

You collected 523 gold pieces.

Inventory:

Hand Weapons
 a - a +2 shortbow (weapon)
Missiles
 g - 2 throwing nets
Armour
 c - a +0 leather armour
 e - a +1 pair of gloves (worn)
 w - a +2 cloak of stealth (worn)
 x - a +0 cloak
 y - a +2 leather armour of fire resistance
 z - the +11 shadow dragon scales "Rusi" (worn) {Int+2 Stlth++++}
   (You found it in a bailey)

   Int:       It affects your intelligence (+2).
   Stlth:     It makes you much more stealthy.
Jewellery
 j - an amulet of reflection (around neck)
 p - an amulet of guardian spirit
 v - a ring of willpower (left hand)
Wands
 m - a wand of charming (39)
 q - a wand of flame (43)
 u - a wand of roots (4)
Scrolls
 b - 2 scrolls of immolation
 o - 2 scrolls of amnesia
 r - 3 scrolls of teleportation
 A - 3 scrolls of identify
Potions
 d - 2 potions of brilliance
 f - 4 potions of heal wounds
 h - 2 potions of might
 i - a potion of cancellation
 k - 5 potions of flight
 l - 3 potions of curing
 n - a potion of invisibility
 s - a potion of mutation {unknown}
 t - a potion of ambrosia {unknown}


   Skills:
 - Level 8.0 Fighting
 + Level 11.0 Ranged Weapons
 - Level 10.0 Dodging
 - Level 1.3 Stealth
 - Level 5.0 Invocations
 - Level 8.0 Evocations


You had 7 spell levels left.
You knew the following spells:

 Your Spells              Type           Power      Damage    Failure   Level
a - Passwall              Tmut/Erth      0%         N/A       100%        2

Your spell library contained the following spells:

 Spells                   Type           Power      Damage    Failure   Level
 Freeze                   Ice            0%         1d3       100%        1
 Magic Dart               Conj           0%         1d3       100%        1
 Sandblast                Erth           0%         2d4       100%        1
 Summon Small Mammal      Summ           0%         N/A       100%        1
 Blink                    Tloc           0%         N/A       100%        2
 Lesser Beckoning         Tloc           0%         N/A       100%        2
 Searing Ray              Conj           0%         2d4       100%        2
 Call Canine Familiar     Summ           0%         N/A       100%        3
 Frozen Ramparts          Ice            0%         1d1       100%        3
 Gell's Gravitas          Tloc           0%         N/A       100%        3
 Hailstorm                Conj/Ice       0%         3d3       100%        3
 Ignite Poison            Fire/Tmut/Pois 0%         N/A       100%        3
 Kindle Blastsparks       Fire/Tloc/Air  0%         2d10      100%        3
 Stone Arrow              Conj/Erth      0%         3d7       100%        3
 Summon Guardian Golem    Hex/Summ       0%         N/A       100%        3
 Teleport Other           Tloc           0%         N/A       100%        3
 Animate Armour           Summ/Erth      0%         N/A       100%        4
 Fulminant Prism          Conj/Hex       0%         3d5       100%        4
 Manifold Assault         Tloc           0%         N/A       100%        4
 Blade Hands              Tmut           0%         N/A       100%        5
 Freezing Cloud           Conj/Ice/Air   0%         6-21      100%        5
 Dispersal                Tloc           0%         N/A       100%        6
 Iron Shot                Conj/Erth      0%         9d1       100%        6
 Storm Form               Tmut/Air       0%         N/A       100%        7


Dungeon Overview and Level Annotations

Branches:
Dungeon (8/15)             Temple (1/1) D:5           Sewer (visited)
 Bailey (visited)
   Lair: D:8-11

Altars:
Ashenzari
Cheibriados
Dithmenos
Elyvilon
Fedhas
Hepliaklqana
Kikubaaqudgha
Makhleb
Nemelex Xobeh
Okawaru
Qazlal
Ru
Sif Muna
Trog
Uskayaw
Vehumet
Wu Jian
Xom
Yredelemnul
Zin
The Shining One

Shops:
D:8 (

Annotations:
D:8 Erica


Innate Abilities, Weirdness & Mutations

Your life essence is reduced to manifest your ancestor. (-10% HP)
You are small and have problems with some larger weapons.
You are completely attuned to the shadows.


Message History

You shoot an arrow. Chitauli avoids your attack.
The arrow barely misses Erica.
You feel very sick.
Erica hits Chitauli but does no damage.
Chitauli misses Erica.
Chitauli blocks Erica's attack.
You are too injured to fight recklessly!
You are too injured to fight recklessly!
Fire: a) +2 shortbow
Press: ? - help, Q - select action, (/) - cycle Shift-Dir - straight line, f/p - Erica
Aim: Erica, wielding a +3 scimitar of flaming, wearing a +2 robe and carrying a wand of roots (7) (ally target, 71% to hit)
You shoot an arrow. Chitauli avoids your attack.
The arrow hits Erica!
Erica is lightly wounded.
You feel very sick.
Chitauli hits Erica with a +0 flail!
Erica hits Chitauli with a +3 scimitar of flaming.
Chitauli hits Erica but does no damage.
Fire: a) +2 shortbow
Press: ? - help, Q - select action, (/) - cycle Shift-Dir - straight line, f/p - Erica
Aim: Erica, wielding a +3 scimitar of flaming, wearing a +2 robe and carrying a wand of roots (7) (moderately wounded, ally target, 71% to hit)
You shoot an arrow. Chitauli avoids your attack.
The arrow barely misses Erica.
You feel sick.
Erica zaps a wand.
The roots erupt in riotous growth!
Chitauli is unaffected.
The grasping roots grab you!
Erica is unaffected.
The grasping roots constrict you.
* * * LOW HITPOINT WARNING * * *
Chitauli hits Erica with a +0 flail!
Erica hits Chitauli but does no damage.
The grasping roots constrict you.
* * * LOW HITPOINT WARNING * * *
Chitauli hits Erica with a +0 flail!
Fire: a) +2 shortbow
Press: ? - help, Q - select action, (/) - cycle Shift-Dir - straight line, f/p - Erica
Aim: Erica, wielding a +3 scimitar of flaming, wearing a +2 robe and carrying a wand of roots (6) (heavily wounded, ally target, 71% to hit)
You shoot an arrow. Chitauli avoids your attack.
The arrow hits Erica.
Erica is heavily wounded.
You feel sick.
Erica hits Chitauli with a +3 scimitar of flaming!
The grasping roots constrict you!
* * * LOW HITPOINT WARNING * * *
Chitauli hits Erica with a +0 flail!
Erica drinks a potion.
Erica is healed!
The grasping roots constrict you.
You die...

##########
###........#
#.....####>##
######............
#...............##
#.####......###.##
#.#...............
#@#.###...#.#.....
#R#.# ##.##.###.##
#@#.# #.##.# #...
#.#.# #.#..# #.##
#.#.## #.#..###.#
#....###........#
###.....##..######
##.##.##.....>..
#.##.##..######


You could see the friendly Chitauli the knight and Erica (distracted, ally
target).

Vanquished Creatures
  Eustachio (D:6)
  5 yaks
  Grum (D:8)
  An acid dragon (D:8)
  A water moccasin (D:7)
  9 orc warriors (Bailey)
  A sky beast (D:5)
  A black bear (D:6)
  2 ogres
  2 wolves
  A centaur (D:8)
  4 phantoms
  2 kobold brigands (Sewer)
  3 necrophages
  3 scorpions (D:4)
  4 bullfrogs
  4 wights (D:7)
  5 killer bees
  4 hounds
  4 jellies
  Crazy Yiuf (D:6)
  A gnoll bouda (D:7)
  An orc priest (D:6)
  An iguana (D:7)
  3 orc wizards
  11 gnolls
  14 adders
  2 ufetubi
  4 dart slugs
  34 orcs
  6 ball pythons
  13 bats
  10 endoplasms
  4 giant cockroaches
  6 goblins
  6 hobgoblins
  6 jackals
  19 kobolds
  7 quokkas
  6 frilled lizards
  7 rats
220 creatures vanquished.

Vanquished Creatures (collateral kills)
  A kobold brigand (D:8)
  A necrophage (D:7)
  2 orc wizards (D:8)
  An orc (Bailey)
  2 goblins (D:8)
  2 kobolds (D:8)
9 creatures vanquished.

Vanquished Creatures (others)
  5 ancestors
  5 plants
10 creatures vanquished.

Grand Total: 239 creatures vanquished

Notes
Turn   | Place    | Note
-------+----------+-------------------------------------------
     0 | D:1      | Newt the Kobold Hunter began the quest for the Orb.
     0 | D:1      | Reached XP level 1. HP: 12/12 MP: 1/1
    68 | D:1      | Reached XP level 2. HP: 11/18 MP: 2/2
   636 | D:1      | Found a faded altar of an unknown god.
   813 | D:2      | Reached XP level 3. HP: 24/24 MP: 3/3
   827 | D:2      | Found a glowing silver altar of Zin.
  1031 | D:2      | Reached XP level 4. HP: 30/30 MP: 4/4
  1105 | D:2      | Reached skill level 5 in Fighting
  1316 | D:2      | Reached XP level 5. HP: 27/35 MP: 5/5
  2201 | D:3      | Reached skill level 6 in Ranged Weapons
  2690 | D:4      | Noticed an ogre
  2696 | D:4      | Killed an ogre
  2697 | D:4      | Reached skill level 7 in Ranged Weapons
  2697 | D:4      | Reached XP level 6. HP: 40/40 MP: 6/6
  2720 | D:4      | Reached skill level 8 in Ranged Weapons
  3184 | D:4      | Reached XP level 7. HP: 44/44 MP: 7/7
  3206 | D:4      | Reached skill level 9 in Ranged Weapons
  3397 | D:4      | Noticed a yak
  3398 | D:4      | Noticed a yak
  3399 | D:4      | Noticed a yak
  3424 | D:5      | Entered Level 5 of the Dungeon
  3600 | D:6      | Reached skill level 10 in Ranged Weapons
  3617 | D:6      | Found a glowing drain.
  3625 | Sewer    | Entered a sewer
  3735 | Sewer    | Reached XP level 8. HP: 25/49 MP: 8/8
  4085 | D:6      | Reached skill level 5 in Dodging
  4707 | D:5      | Reached XP level 9. HP: 54/54 MP: 9/9
  5007 | D:5      | Found a staircase to the Ecumenical Temple.
  5017 | Temple   | Entered the Ecumenical Temple
  5197 | Temple   | Became a worshipper of Hepliaklqana the Forgotten
  5405 | D:1      | Learned a level 2 spell: Passwall
  5657 | D:4      | Reached skill level 10 in Dodging
  5813 | D:6      | Identified the +1 hammer of Xiq Ysm {heavy, rC- rCorr Int+6
                  | Stlth-}
  5814 | D:6      | Noticed Eustachio
  5830 | D:6      | Killed Eustachio
  5860 | D:6      | Found a runed translucent door.
  5863 | D:6      | Noticed Crazy Yiuf
  6382 | D:6      | Killed Crazy Yiuf
  6940 | D:7      | Reached * piety under Hepliaklqana
  7163 | D:7      | Identified the +3 mace of the Ass {freeze, Int+5}
  7206 | D:7      | Reached XP level 10. HP: 32/57 MP: 10/10
  7208 | D:7      | Reached skill level 1 in Invocations
  7867 | D:8      | Noticed Grum
  8017 | D:8      | Killed Grum
  8134 | D:8      | Reached skill level 5 in Invocations
  8140 | D:8      | Reached skill level 5 in Evocations
  8188 | D:8      | Found Qulo's Hydra Hut.
  8189 | D:8      | Noticed a seven-headed hydra
  8236 | D:8      | Found a flagged portal.
  8247 | Bailey   | Entered a bailey
  8764 | Bailey   | Identified the +8 great sword "Pehi" {freeze, Dex+4 SInv}
  8768 | Bailey   | Identified the +11 shadow dragon scales "Rusi" {Int+2
                  | Stlth++++}
  9016 | D:8      | Noticed Erica
  9283 | D:8      | Reached skill level 11 in Ranged Weapons
  9305 | D:8      | Reached ** piety under Hepliaklqana
  9306 | D:8      | Remembered your ancestor Chitauli as a knight
  9413 | D:8      | Constricted to death by Erica

Illustrated notes

Levels and vault maps discovered:
D:1:      scummos_arrival_checkerplants, layout_rooms,
          shapermc_ecumenical_altar_ellora, serial_glass, glass_columns_a,
          glass_columns_a, feat_on_display, due_unseen_surprise,
          item_on_display_a, minmay_misc_feat_rows
D:2:      layout_loops_corners, basic_altar
D:3:      layout_basic, hex_medium, minmay_misc_feat_more_columns,
          minmay_misc_feat_tiny
D:4:      layout_loops_ring
D:5:      layout_rooms, minmay_temple_entry_offerings
D:6:      layout_basic, portal_sewer_entry_f, uniq_crazy_yiuf_cottage,
          uniq_eustachio
D:7:      layout_loops_ring, serial_co_window_serial, co_window_corner_a,
          co_window_paths_a, co_window_paths_a, co_window_cross_1,
          co_window_corner_a, co_window_broadway_c, co_window_of_opportunity_b,
          co_window_corner_ca, co_window_of_opportunity_b,
          co_window_unsneaky_path_e, glass_columns_c, glass_columns_c,
          glass_columns_a
D:8:      layout_loops_ring, enter_bailey_3, st_stairs_9,
          doesnt_shop_hydraphobe, uniq_erica, uniq_grum
Temple:   minmay_crystal_snake_temple

Skill      XL: |  1  2  3  4  5  6  7  8  9 10 |
---------------+-------------------------------+-----
Fighting       | 3 4 5 8 |  8.0
Ranged Weapons | 7 8 10 11 | 11.0
Dodging        | 4 8 10 | 10.0
Evocations     | 4 8 |  8.0
Invocations    | 5 |  5.0
Stealth        | |  1.3

Action                     |  1- 3 |  4- 6 |  7- 9 | 10-12 || total
---------------------------+-------+-------+-------+-------++-------
   Fire: Shortbow          |    59 |   101 |   434 |   214 ||   808
   Cast: Passwall          |       |       |     4 |       ||     4
 Invoke: Ancestor Life: Kn |       |       |       |     1 ||     1
    Use: Scroll            |       |     3 |     8 |     1 ||    12
         Potion            |       |     1 |     5 |       ||     6
 Armour: Leather armour    |     8 |     7 |    47 |     9 ||    71
         Shadow dragon sca |       |       |       |    28 ||    28
  Dodge: Dodged            |    37 |    33 |   221 |    84 ||   375
  Block: Other             |       |     3 |    64 |    27 ||    94
         Reflection        |       |       |     2 |     1 ||     3

Table legend: (Time is in decaauts)
 A = Elapsed time spent in this place.
 B = Non-inter-level travel time spent in this place.
 C = Inter-level travel time spent in this place.
 D = Time resting spent in this place.
 E = Time spent auto-exploring this place.
 F = Levels seen in this place.
 G = Mean time per level.
                   A        B        C        D        E       F      G
               +--------+--------+--------+--------+--------+-----+--------+
         Total |   9561 |   8944 |    617 |    916 |   6460 |  11 |  869.2 |
       Dungeon |   8288 |   7718 |    570 |    737 |   5678 |   8 | 1036.0 |
        Temple |    217 |    171 |     46 |      0 |    150 |   1 |  217.0 |
         Sewer |    418 |    418 |      0 |      0 |    329 |   1 |  418.0 |
        Bailey |    637 |    637 |      0 |    179 |    303 |   1 |  637.0 |
               +--------+--------+--------+--------+--------+-----+--------+

Top non-repeatable levels by time:
     D:7: 1572 daAuts
     D:2: 1039 daAuts
     D:6: 1024 daAuts
     D:3: 990 daAuts
     D:1: 988 daAuts
     D:4: 946 daAuts
     D:5: 901 daAuts
     D:8: 825 daAuts
  Bailey: 637 daAuts
   Sewer: 418 daAuts
  Temple: 217 daAuts
